 Dungeon Crawl Stone Soup version 0.21-a0-584-g185da8e (webtiles) character file.

1159 MrFrosty176 the Agent of Entropy (level 8, -2/60 HPs)
             Began as a Demonspawn Abyssal Knight on Sept 17, 2017.
             Was a Priest of Lugonu.
             Slain by an ice beast (4 damage)
             ... on level 5 of the Dungeon on Dec 20, 2017.
             The game lasted 00:15:35 (5237 turns).

MrFrosty176 the Agent of Entropy (DsAK)             Turns: 5237, Time: 00:15:36

Health: -2/60      AC:  5    Str: 14    XL:     8   Next: 16%
Magic:  20/20      EV: 15    Int: 14    God:    Lugonu [***...]
Gold:   275        SH:  0    Dex: 13    Spells: 7/7 levels left

rFire    . . .     SeeInvis .   a - +1 falchion
rCold    . . .     Gourm    .   (no shield)
rNeg     . . .     Faith    .   b - +0 leather armour
rPois    .         Spirit   .   q - +0 helmet
rElec    .         Reflect  .   l - +0 cloak
rCorr    .         Harm     .   (no gloves)
MR       .....                  (no boots)
Stlth    +.........             k - amulet of rage
HPRegen  0.20/turn              m - ring of magical power
MPRegen  0.17/turn              (no ring)

@: no status effects
A: talons 2, repulsion field 1, powered by pain 1
a: Depart the Abyss, Bend Space, Banish, Renounce Religion, Evoke Berserk Rage


You were on level 5 of the Dungeon.
You worshipped Lugonu.
Lugonu was most pleased with you.
You were hungry.

You visited 1 branch of the dungeon, and saw 5 of its levels.
You visited the Abyss 1 time.

You collected 275 gold pieces.

Inventory:

Hand Weapons
 a - a +1 falchion (weapon)
 s - a +0 short sword
 v - a +0 blowgun
Missiles
 t - 28 poisoned needles
 y - 3 needles of paralysis
Armour
 b - a +0 leather armour (worn)
 l - a +0 cloak (worn)
 q - a +0 helmet (worn)
Jewellery
 k - an amulet of rage (around neck)
 m - a ring of magical power (left hand)
Wands
 n - a wand of disintegration (15)
Scrolls
 d - 8 scrolls of teleportation
 f - a scroll of amnesia {unknown}
 o - a scroll of noise {unknown}
 p - a scroll of remove curse {unknown}
 r - a scroll of magic mapping {unknown}
 u - 2 scrolls of enchant armour
 z - a scroll of immolation {unknown}
Potions
 e - a potion of heal wounds
 g - 2 potions of lignification
 h - a potion of magic {unknown}
 i - 3 potions of berserk rage {unknown}
 j - a potion of curing {unknown}
Books
 w - a book of Maledictions

   Spells                             Type                      Level
   a - Corona                         Hexes                        1
   b - Ensorcelled Hibernation        Hexes/Ice                    2
   c - Confuse                        Hexes                        3
   d - Tukima's Dance                 Hexes                        3
   e - Dazzling Spray                 Conjuration/Hexes            3
Comestibles
 c - 6 rations


   Skills:
 + Level 4.0 Fighting
 + Level 4.2 Long Blades
 + Level 2.3 Throwing
 + Level 4.1 Armour
 + Level 3.7 Dodging
 - Level 4.6 Invocations
 + Level 3.6 Evocations


You had 7 spell levels left.
You didn't know any spells.

Dungeon Overview and Level Annotations

Branches:
Dungeon (5/15)
 Temple: D:4-7

Altars:
Kikubaaqudgha
Sif Muna
The Shining One


Innate Abilities, Weirdness & Mutations

You have razor-sharp toenails.
You are surrounded by a mild repulsion field. (EV +2)
You sometimes gain a little power by taking damage.


Message History

The ice beast is moderately wounded.
The ice beast hits you but does no damage.
You hit the ice beast. You claw the ice beast.
The ice beast is heavily wounded.
The ice beast misses you.
You riposte.
You hit the ice beast.
The ice beast is heavily wounded.
You barely miss the ice beast. Your kick misses the ice beast.
The ice beast is heavily wounded.
The ice beast hits you. The ice beast freezes you!
* * * LOW HITPOINT WARNING * * *
You barely miss the ice beast.
The ice beast is heavily wounded.
The ice beast hits you.
* * * LOW HITPOINT WARNING * * *
The ice beast freezes you!
* * * LOW HITPOINT WARNING * * *
You hit the ice beast but do no damage. Your kick misses the ice beast.
The ice beast is heavily wounded.
The ice beast hits you.
You die...

.......# .......#
########....
####+#..............#
.....#......$.......#
.....# .............#
.....# ...........#
.....# ........$..#
.....# .......Y...#
.....# ......†@...#
.....##########.....#
#....##.......#.....#
#....##.......#.....#
....................#
..............#.....#
.....##...##..#.....#
.....##...##..#######
.....#.).........#


You could see an ice beast.

Vanquished Creatures
  Grinder (D:5)
  An ogre (D:4)
  Blork the orc (D:5)
  A scorpion (D:4)
  2 jellies (D:5)
  A crimson imp (D:5)
  A centaur zombie (D:5)
  3 bullfrog skeletons
  An orc wizard (D:4)
  An orc priest (D:4)
  3 hounds
  4 iguanas (D:4)
  4 worker ants (D:4)
  A howler monkey zombie (D:5)
  A gnoll (D:1)
  A howler monkey skeleton (D:5)
  5 adders
  A shadow imp (D:5)
  An ooze (D:2)
  An adder skeleton (D:4)
  A dart slug (D:1)
  3 leopard geckos
  17 orcs
  A ball python (D:2)
  5 giant cockroaches
  3 goblins
  11 hobgoblins
  3 jackals (D:5)
  A quokka (D:3)
  6 bats
  2 frilled lizards
  5 kobolds
  2 quokka skeletons (D:4)
  5 rats
100 creatures vanquished.

Vanquished Creatures (others)
  A human (D:3)
1 creature vanquished.

Grand Total: 101 creatures vanquished

Notes
Turn   | Place    | Note
-------+----------+-------------------------------------------
     0 | Abyss:1  | MrFrosty176 the Demonspawn Abyssal Knight began the quest for the Orb.
     0 | Abyss:1  | Reached XP level 1. HP: 18/18 MP: 2/2
     6 | Abyss:1  | Found a shadowy altar of Dithmenos.
    29 | D:1      | Escaped the Abyss
    86 | D:1      | Reached skill level 1 in Dodging
   168 | D:1      | Upgraded the game from 0.21-a0-273-g0785366 to 0.21-a0-281-gb6be1c8
   168 | D:1      | Upgraded the game from 0.21-a0-281-gb6be1c8 to 0.21-a0-394-gdc75ea7
   168 | D:1      | Upgraded the game from 0.21-a0-394-gdc75ea7 to 0.21-a0-584-g185da8e
   271 | D:1      | Gained mutation: You have sharp toenails. [demonic ancestry]
   271 | D:1      | Reached XP level 2. HP: 11/24 MP: 4/4
  1166 | D:2      | Reached XP level 3. HP: 29/29 MP: 5/5
  1404 | D:2      | Found a glowing golden altar of the Shining One.
  1909 | D:3      | Gained mutation: You sometimes gain a little power by taking damage. [demonic ancestry]
  1909 | D:3      | Reached XP level 4. HP: 35/35 MP: 6/6
  1911 | D:3      | Reached ** piety under Lugonu
  1958 | D:3      | Reached skill level 1 in Evocations
  2042 | D:3      | Found an ancient bone altar of Kikubaaqudgha.
  2045 | D:3      | Noticed a human
  2048 | D:3      | Killed a human
  2487 | D:3      | Found a deep blue altar of Sif Muna.
  2585 | D:5      | Entered Level 5 of the Dungeon
  2805 | D:4      | Reached XP level 5. HP: 22/41 MP: 7/7
  3212 | D:4      | Gained mutation: You have razor-sharp toenails. [demonic ancestry]
  3212 | D:4      | Reached XP level 6. HP: 9/47 MP: 9/9
  3230 | D:4      | HP: 2/47 [poisoned by a worker ant]
  4170 | D:4      | Gained mutation: You are surrounded by a mild repulsion field. (EV +2) [demonic ancestry]
  4170 | D:4      | Reached XP level 7. HP: 42/52 MP: 10/10
  4451 | D:4      | Reached skill level 1 in Throwing
  4680 | D:5      | Reached *** piety under Lugonu
  4870 | D:5      | Noticed Blork the orc
  4898 | D:5      | Killed Blork the orc
  4910 | D:5      | Noticed Grinder
  4929 | D:5      | Paralysed by Grinder for 5 turns
  4939 | D:5      | Paralysed by Grinder for 5 turns
  4945 | D:5      | Killed Grinder
  4945 | D:5      | Reached XP level 8. HP: 5/60 MP: 11/11
  5236 | D:5      | HP: 2/60 [ice beast (12)]
  5237 | D:5      | Slain by an ice beast

Vault maps used:
D:1:      arrival_zaba_pyramid
D:2:      first_ration, tso_metal_star
D:3:      led_sif_pool, tgw_kikubaaqudgha
D:5:      uniq_blork_the_orc, uniq_grinder, uniq_eustachio
Abyss:1:  evilmike_abyss_exit_mutagenic

Skill      XL: |  1  2  3  4  5  6  7  8 |
---------------+-------------------------+-----
Long Blades    | 2 3 4 |  4.2
Dodging        | 1 2 3 |  3.7
Armour         | 2 3 4 |  4.1
Invocations    | 3 4 |  4.6
Evocations     | 1 2 3 |  3.6
Throwing       | 2 |  2.3
Fighting       | 4 |  4.0

Action                   |  1- 3 |  4- 6 |  7- 9 || total
-------------------------+-------+-------+-------++-------
Melee: Falchion          |    76 |   158 |   105 ||   339
       Kick              |     8 |    49 |    45 ||   102
 Fire: Blowgun           |       |    12 |       ||    12
Invok: Bend Space        |       |     1 |       ||     1
 Abil: Evoke Berserk Rag |       |     1 |     2 ||     3
  Use: Scroll            |       |     2 |     2 ||     4
       Potion            |       |       |     1 ||     1
  Eat: Chunk             |     3 |     9 |     4 ||    16
Armor: Leather armour    |    24 |    50 |    17 ||    91
Dodge: Dodged            |    55 |   125 |    68 ||   248
       Rpst.: Falchion   |    17 |    42 |    23 ||    82

Table legend:
 A = Spawn XP
 B = Non-spawn XP
 C = Spawn XP percentage of total XP
 D = Spawn monster count
 E = Non-spawn monster count
 F = Spawn count percentage of total count
 G = Total turns spent on level
                    A         B        C        D         E        F      G
               +---------+---------+-------+---------+---------+-------+---------
         Total |       0 |    1656 |   0.0 |       0 |     100 |   0.0 |  5237
               +---------+---------+-------+---------+---------+-------+---------
           D:1 |       0 |      38 |   0.0 |       0 |      12 |   0.0 |  1101
           D:2 |       0 |      53 |   0.0 |       0 |      13 |   0.0 |   753
           D:3 |       0 |      45 |   0.0 |       0 |      20 |   0.0 |  1184
           D:4 |       0 |     780 |   0.0 |       0 |      35 |   0.0 |  1373
           D:5 |       0 |     740 |   0.0 |       0 |      20 |   0.0 |   797
               +---------+---------+-------+---------+---------+-------+---------
